 Dungeon Crawl Stone Soup version 0.16.1-18-g436b03c (webtiles) character file.

1783 Leviathan2552 the Skirmisher (level 9, -1/71 HPs)
             Began as a Formicid Abyssal Knight on May 5, 2015.
             Was an Elder of Lugonu.
             Slain by an orc warrior
             ... wielding a +0 glaive
              (9 damage)
             ... on level 7 of the Dungeon.
             The game lasted 00:42:03 (6311 turns).

Leviathan2552 the Skirmisher (FoAK)                 Turns: 6311, Time: 00:42:03

Health: -1/71      AC: 17    Str: 19    XL:     9   Next: 29%
Magic:  13/13      EV: 15    Int: 13    God:    Lugonu [****..]
Gold:   184        SH:  0    Dex: 10    Spells: 0 memorised, 8 levels left

rFire  . . .     SeeInvis +     b - +4 mace (protect)
rCold  . . .     Clarity  .     y - +0 scale mail
rNeg   . . .     SustAb   .     (no shield)
rPois  .         Gourm    .     (helmet unavailable)
rElec  .         Spirit   .     g - +2 cloak
rCorr  .         Warding  .     p - +0 pair of gloves
rMut   .         Stasis   +     (no boots)
MR     +....                    (no amulet)
Stlth  ..........               A - +4 ring of evasion
                                w - ring of protection from magic

@: somewhat resistant to hostile enchantments, extremely unstealthy
A: permanent stasis, dig shafts and tunnels, four strong arms, antennae 3,
blurry vision 1, low mp 1
a: Dig, Shaft Self, Depart the Abyss, Bend Space, Banish, Corrupt, Renounce
Religion


You were on level 7 of the Dungeon.
You worshipped Lugonu.
Lugonu was greatly pleased with you.
You were not hungry.

You visited 1 branch of the dungeon, and saw 7 of its levels.
You visited the Abyss 1 time.

You collected 184 gold pieces.

Inventory:

Hand weapons
 a - a +1 flail
 b - a +4 mace of protection (weapon)
Missiles
 k - 4 tomahawks of returning (quivered)
Armour
 g - a +2 cloak (worn)
 l - a +0 chain mail
 p - a +0 pair of gloves (worn)
 y - a +0 scale mail (worn)
Jewellery
 w - a ring of protection from magic (left hand)
 A - a +4 ring of evasion (right hand)
 C - an uncursed ring of positive energy
Scrolls
 i - a scroll of fear
 s - a scroll of fog
 u - a scroll of recharging
 x - 3 scrolls of remove curse
Potions
 d - 6 potions of haste
 e - a potion of cancellation
 h - a potion of restore abilities {unknown}
 r - 3 potions of curing
 t - a potion of poison {unknown}
 z - a potion of degeneration {unknown}
Comestibles
 c - 5 bread rations
 f - a meat ration
 j - 8 fruits
 m - 6 chunks of flesh
 n - a slice of pizza


   Skills:
 * Level 6.4 Fighting
 * Level 6.1 Maces & Flails
 * Level 2.6 Throwing
 + Level 5.5 Armour
 + Level 5.1 Dodging
 + Level 1.8 Stealth
 + Level 2.4 Invocations


You had 8 spell levels left.
You didn't know any spells.

Dungeon Overview and Level Annotations

Branches:
Dungeon (7/15)             Temple (0/1) D:7

Altars:
Fedhas
Kikubaaqudgha
Okawaru
Sif Muna
Trog


Innate Abilities, Weirdness & Mutations

You are under a permanent stasis effect.
You can dig through walls and to a lower floor.
Your four strong arms can wield two-handed weapons with a shield.
You have a pair of large antennae on your head (SInv).
Scrolls take you a little longer to read.
Your magical capacity is low (-10% MP).


Message History

Aim: an orc warrior, wielding a glaive and wearing a plate armour (heavily wounded)
You throw a tomahawk of returning.
The tomahawk of returning closely misses the orc warrior.
The tomahawk of returning returns to your pack!
The orc warrior hits you from afar with a glaive!
You barely miss the orc warrior.
The orc warrior is heavily wounded.
The orc warrior hits you with a glaive.
* * * LOW HITPOINT WARNING * * *
You hit the orc warrior but do no damage.
The orc warrior is heavily wounded.
The orc warrior closely misses you.
You hit the orc warrior but do no damage.
The orc warrior is heavily wounded.
The orc warrior hits you with a glaive!
* * * LOW HITPOINT WARNING * * *
You hit the orc warrior.
The orc warrior is heavily wounded.
The orc warrior hits you with a glaive!
You die...

#........# .###
#........# ..####
####+###.####......
#.###.(..........
#........#.####
########.# #.#
########.#
#...@o...#
####.######.#
#......# ###
#......#
#......#####
#..........#
#..........+ #.
#..........# #.
####†#†#.....#
##.####


You could see an orc warrior.

Vanquished Creatures
  2 sky beasts
  A black bear (D:6)
  An ogre (D:6)
  2 centaurs
  2 scorpions
  4 wights
  6 killer bees (D:7)
  A giant frog zombie (D:7)
  3 crimson imps
  A jelly (D:5)
  A centaur zombie (D:7)
  A hound (D:6)
  2 worker ants
  2 iguanas
  5 orc wizards
  3 gnolls (D:3)
  8 adders
  3 giant mites
  2 shadow imps (D:5)
  3 worms
  An adder zombie (D:7)
  6 giant geckos
  15 orcs
  A ball python (D:5)
  11 bats
  7 giant cockroaches
  6 goblins
  12 hobgoblins
  7 jackals
  12 kobolds
  A quokka (D:4)
  A giant gecko skeleton (D:4)
  2 giant newts (D:1)
  12 rats
147 creatures vanquished.

Vanquished Creatures (others)
  A bat (D:6)
1 creature vanquished.

Grand Total: 148 creatures vanquished

Notes
Turn   | Place    | Note
--------------------------------------------------------------
     0 | Abyss:1  | Leviathan2552, the Formicid Abyssal Knight, began the quest for the Orb.
     0 | Abyss:1  | Reached XP level 1. HP: 18/18 MP: 1/1
    19 | D:1      | Escaped the Abyss
   263 | D:1      | Reached XP level 2. HP: 15/25 MP: 3/3
   281 | D:1      | Reached skill level 1 in Dodging
   870 | D:1      | Reached XP level 3. HP: 2/30 MP: 5/5
  1315 | D:1      | Reached skill level 4 in Fighting
  1588 | D:1      | You fall through a shaft!
  1770 | D:2      | Acquired Lugonu's second power
  1770 | D:2      | Reached XP level 4. HP: 24/37 MP: 6/6
  2407 | D:3      | Found an iron altar of Okawaru.
  2416 | D:3      | Reached XP level 5. HP: 42/42 MP: 8/8
  2869 | D:3      | Found a blossoming altar of Fedhas.
  3165 | D:4      | Reached XP level 6. HP: 19/49 MP: 10/10
  3393 | D:4      | Found a deep blue altar of Sif Muna.
  3531 | D:4      | Acquired Lugonu's third power
  3573 | D:4      | Reached skill level 1 in Stealth
  3792 | D:4      | Noticed a sky beast
  3804 | D:4      | Killed a sky beast
  3804 | D:4      | Reached XP level 7. HP: 23/55 MP: 11/11
  3824 | D:4      | Gained mutation: Your magical capacity is low (-10% MP). [mutagenic meat]
  3825 | D:4      | Gained mutation: Scrolls take you a little longer to read. [mutagenic meat]
  3849 | D:4      | Found a bloodstained altar of Trog.
  3849 | D:4      | Found an ancient bone altar of Kikubaaqudgha.
  4215 | D:5      | Entered Level 5 of the Dungeon
  5343 | D:5      | Reached skill level 1 in Throwing
  5489 | D:6      | Reached skill level 5 in Fighting
  5489 | D:6      | Reached XP level 8. HP: 54/62 MP: 12/12
  5640 | D:6      | Reached skill level 5 in Armour
  5716 | D:6      | Reached skill level 5 in Maces & Flails
  6019 | D:7      | Acquired Lugonu's fourth power
  6122 | D:7      | Found a staircase to the Ecumenical Temple.
  6132 | D:7      | Reached XP level 9. HP: 63/69 MP: 13/13
  6195 | D:7      | Reached skill level 6 in Fighting
  6224 | D:7      | Reached skill level 5 in Dodging
  6311 | D:7      | Slain by an orc warrior

Action                   |  1- 3 |  4- 6 |  7- 9 || total
-------------------------+-------+-------+-------++-------
Melee: Mace              |   104 |   241 |   284 ||   629
Throw: Tomahawk          |       |       |    16 ||    16
 Abil: Shaft Self        |     1 |       |       ||     1
  Use: Scroll            |     6 |     4 |    15 ||    25
       Potion            |       |       |     5 ||     5
  Eat: Chunk             |     3 |     6 |     6 ||    15
       Beef jerky        |       |     1 |       ||     1
       Bread ration      |       |       |     1 ||     1
